3L
HOUSTON 1837 BBC @ CHICAGO GOLD SOX
09/12/2027
 
TOP OF THE 1ST
Houston 1837 BBC batting - Pitching for Chicago Gold Sox : LHP Keisuke Nishida
Pitching: LHP Keisuke Nishida
Batting: LHB Damian Delaney 0-0: Ball
1-0: Called Strike
1-1: Called Strike
1-2: Strikes out swinging
Batting: LHB Mike Hanson 0-0: Called Strike
0-1: Foul Ball, location: 2F
0-2: Ball
1-2: Reached on error, E5 (Groundball, 56)
Batting: RHB Luis Tapia 0-0: Ball
Wild Pitch!
Mike Hanson to second
1-0: Ball
2-0: Ball
3-0: Called Strike
3-1: 2-RUN HOME RUN (Flyball, 7LD), Distance : 365 ft
Batting: RHB Bob Dickerson 0-0: Ball
1-0: Swinging Strike
1-1: Ball
2-1: Foul Ball, location: 2F
2-2: Fly out, F9 (Flyball, 89M)
Batting: LHB Alberto Torres 0-0: Called Strike
0-1: Swinging Strike
0-2: Ball
1-2: Ball
2-2: Strikes out looking
Top of the 1st over - 2 run(s), 1 hit(s), 1 error(s), 0 left on base; Houston 2 - Chicago 0
BOTTOM OF THE 1ST
Chicago Gold Sox batting - Pitching for Houston 1837 BBC : RHP Gary Bailey
Pitching: RHP Gary Bailey
Batting: LHB Noel Ballard 0-0: Fly out, F8 (Line Drive, 8RM)
Batting: RHB Ben Kennerly 0-0: Called Strike
0-1: Foul Ball, location: 2F
0-2: Ball
1-2: Foul Ball, location: 2F
1-2: Foul Ball, location: 2F
1-2: Foul Ball, location: 2F
1-2: Foul Ball, location: 2F
1-2: Ball
2-2: Fly out, F8 (Flyball, 89M)
Batting: LHB Eddie Flynn 0-0: Ball
1-0: Foul Ball, location: 2F
1-1: Called Strike
1-2: Foul Ball, location: 2F
1-2: Ball
2-2: Ball
3-2: Foul Ball, location: 2F
3-2: Foul Ball, location: 2F
3-2: Ground out 3-1 (Groundball, 23)
Bottom of the 1st over - 0 run(s), 0 hit(s), 0 error(s), 0 left on base; Houston 2 - Chicago 0
TOP OF THE 2ND
Houston 1837 BBC batting - Pitching for Chicago Gold Sox : LHP Keisuke Nishida
Batting: SHB Jason Alexander 0-0: Called Strike
0-1: Ball
1-1: Ball
2-1: Called Strike
2-2: Ball
3-2: Foul Ball, location: 2F
3-2: Foul Ball, location: 2F
3-2: Foul Ball, location: 2F
3-2: Foul Ball, location: 2F
3-2: Base on Balls
Batting: SHB Javier Valle 0-0: Foul Ball, location: 2F
0-1: Ball
1-1: Swinging Strike
1-2: Strikes out swinging
Batting: RHB Rubén Marino 0-0: Foul Ball, location: 2F
0-1: Ball
1-1: Fly out, F7 (Flyball, 7)
Batting: RHB Tracy Parker 0-0: Ball
1-0: Called Strike
1-1: Ball
2-1: Called Strike
2-2: Fly out, F5 (Line Drive, 6)
Top of the 2nd over - 0 run(s), 0 hit(s), 0 error(s), 1 left on base; Houston 2 - Chicago 0
BOTTOM OF THE 2ND
Chicago Gold Sox batting - Pitching for Houston 1837 BBC : RHP Gary Bailey
Batting: LHB Melvin Castro 0-0: Foul Ball, location: 2F
0-1: Foul Ball, location: 2F
0-2: Foul Ball, location: 2F
0-2: Ball
1-2: Ball
2-2: Ball
3-2: Base on Balls
Batting: SHB Lupo Cotto 0-0: Called Strike
0-1: Ball
1-1: Called Strike
1-2: Foul Ball, location: 2F
1-2: Foul Ball, location: 2F
1-2: Ball
2-2: Foul Ball, location: 2F
2-2: Foul Ball, location: 2F
2-2: Ball
3-2: Foul Ball, location: 2F
3-2: Fly out, F9 (Flyball, 89S)
Batting: LHB Naohiro Sakai 0-0: Grounds into double play, 4-6-3 (Groundball, 4)
Bottom of the 2nd over - 0 run(s), 0 hit(s), 0 error(s), 0 left on base; Houston 2 - Chicago 0
TOP OF THE 3RD
Houston 1837 BBC batting - Pitching for Chicago Gold Sox : LHP Keisuke Nishida
Batting: LHB Damian Delaney 0-0: Ground out 4-3 (Groundball, 4)
Batting: LHB Mike Hanson 0-0: Ball
1-0: Called Strike
1-1: Called Strike
1-2: Strikes out swinging
Batting: RHB Luis Tapia 0-0: Called Strike
0-1: Foul Ball, location: 2F
0-2: Strikes out looking
Top of the 3rd over - 0 run(s), 0 hit(s), 0 error(s), 0 left on base; Houston 2 - Chicago 0
BOTTOM OF THE 3RD
Chicago Gold Sox batting - Pitching for Houston 1837 BBC : RHP Gary Bailey
Batting: LHB Arthur Ryan 0-0: Called Strike
0-1: Called Strike
0-2: Ball
1-2: Strikes out swinging
Batting: LHB Stanley Belote 0-0: Ball
1-0: Ball
2-0: Swinging Strike
2-1: Foul Ball, location: 2F
2-2: Ball
3-2: SINGLE (Groundball, 3) (infield hit)
Batting: LHB Roberto Veliz 0-0: Ball
1-0: Ball
2-0: Called Strike
2-1: Swinging Strike
2-2: Ball
3-2: Fielders Choice at 2nd, 3-6 (Groundball, 3)
Batting: LHB Noel Ballard 0-0: Ground out 4-3 (Groundball, 34)
Bottom of the 3rd over - 0 run(s), 1 hit(s), 0 error(s), 1 left on base; Houston 2 - Chicago 0
TOP OF THE 4TH
Houston 1837 BBC batting - Pitching for Chicago Gold Sox : LHP Keisuke Nishida
Batting: RHB Bob Dickerson 0-0: Ball
1-0: Called Strike
1-1: Ball
2-1: Foul Ball, location: 2F
2-2: Ball
3-2: Foul Ball, location: 2F
3-2: Ground out 6-3 (Groundball, 6)
Batting: LHB Alberto Torres 0-0: Ground out 3-1 (Groundball, 34)
Batting: SHB Jason Alexander 0-0: Ball
1-0: Called Strike
1-1: Ball
2-1: Ball
3-1: Fly out, F6 (Popup, 6MD)
Top of the 4th over - 0 run(s), 0 hit(s), 0 error(s), 0 left on base; Houston 2 - Chicago 0
BOTTOM OF THE 4TH
Chicago Gold Sox batting - Pitching for Houston 1837 BBC : RHP Gary Bailey
Batting: RHB Ben Kennerly 0-0: Ball
1-0: Foul Ball, location: 2F
1-1: Called Strike
1-2: Ball
2-2: Strikes out looking
Batting: LHB Eddie Flynn 0-0: Swinging Strike
0-1: Swinging Strike
0-2: Strikes out swinging
Batting: LHB Melvin Castro 0-0: Foul Ball, location: 2F
0-1: SINGLE (Line Drive, 89S)
Batting: SHB Lupo Cotto 0-0: Ball
1-0: Ball
2-0: Ball
3-0: Called Strike
3-1: Foul Ball, location: 2F
3-2: SINGLE (Line Drive, 9LS)
Melvin Castro to second
Melvin Castro to third
Batting: LHB Naohiro Sakai 0-0: Ball
1-0: Ball
2-0: Ball
Wild Pitch!
Melvin Castro scores
Lupo Cotto to second
3-0: Called Strike
3-1: Base on Balls
Batting: LHB Arthur Ryan 0-0: Swinging Strike
0-1: Foul Ball, location: 2F
0-2: Strikes out looking
Bottom of the 4th over - 1 run(s), 2 hit(s), 0 error(s), 2 left on base; Houston 2 - Chicago 1
TOP OF THE 5TH
Houston 1837 BBC batting - Pitching for Chicago Gold Sox : LHP Keisuke Nishida
Batting: SHB Javier Valle 0-0: Called Strike
0-1: Ball
1-1: Ball
2-1: Foul Ball, location: 2F
2-2: Foul Ball, location: 2F
2-2: Ball
3-2: Strikes out swinging
Batting: RHB Rubén Marino 0-0: Ball
1-0: Ball
2-0: Ball
3-0: Called Strike
3-1: SINGLE (Flyball, 8LS)
Batting: RHB Tracy Parker 0-0: Ball
1-0: Ground out 3-1 (Groundball, 34S)
Rubén Marino to second
Batting: LHB Damian Delaney 0-0: Swinging Strike
0-1: SINGLE (Groundball, 56D)
Rubén Marino to third
Runner from 3rd tries for Home, SAFE, no throw
Batting: LHB Mike Hanson 0-0: Ball
Damian Delaney steals 2nd base
1-0: Fly out, F7 (Flyball, 7LSF)
Top of the 5th over - 1 run(s), 2 hit(s), 0 error(s), 1 left on base; Houston 3 - Chicago 1
BOTTOM OF THE 5TH
Chicago Gold Sox batting - Pitching for Houston 1837 BBC : RHP Gary Bailey
Batting: LHB Stanley Belote 0-0: Foul Ball, location: 2F
0-1: Foul Ball, location: 2F
0-2: Ball
1-2: Ball
2-2: Ground out U3 (Groundball, 3)
Batting: LHB Roberto Veliz 0-0: Ball
1-0: Foul Ball, location: 2F
1-1: Called Strike
1-2: Ball
2-2: Ground out 4-3 (Groundball, 4)
Batting: LHB Noel Ballard 0-0: Ball
1-0: Ball
2-0: Foul Ball, location: 2F
2-1: Called Strike
2-2: Ball
3-2: Ground out 4-3 (Groundball, 34)
Bottom of the 5th over - 0 run(s), 0 hit(s), 0 error(s), 0 left on base; Houston 3 - Chicago 1
TOP OF THE 6TH
Houston 1837 BBC batting - Pitching for Chicago Gold Sox : LHP Keisuke Nishida
Batting: RHB Luis Tapia 0-0: Ball
1-0: Called Strike
1-1: Foul Ball, location: 2F
1-2: Foul Ball, location: 2F
1-2: Foul Ball, location: 2F
1-2: Strikes out looking
Pitching: RHP Shuntavyious Primes-Willes
Batting: RHB Bob Dickerson 0-0: Ball
1-0: Ball
2-0: Foul Ball, location: 2F
2-1: Foul Ball, location: 2F
2-2: Foul Ball, location: 2F
2-2: Ground out 5-3 (Groundball, 56)
Batting: LHB Alberto Torres 0-0: Ball
1-0: Fly out, F6 (Popup, 56)
Top of the 6th over - 0 run(s), 0 hit(s), 0 error(s), 0 left on base; Houston 3 - Chicago 1
BOTTOM OF THE 6TH
Chicago Gold Sox batting - Pitching for Houston 1837 BBC : RHP Gary Bailey
Batting: RHB Ben Kennerly 0-0: DOUBLE (Line Drive, 7LM)
Batting: LHB Eddie Flynn 0-0: Foul Ball, location: 2F
0-1: Ball
1-1: Ball
2-1: Foul Ball, location: 2F
2-2: Foul Ball, location: 2F
2-2: Ball
3-2: Ground out U3 (Groundball, 34)
Ben Kennerly to third
Batting: LHB Melvin Castro 0-0: Swinging Strike
0-1: Ball
1-1: Reached on error, E7 (Flyball, 7LM)
Ben Kennerly scores
Batting: SHB Lupo Cotto 0-0: Ball
1-0: Ball
2-0: Ball
3-0: Called Strike
3-1: Foul Ball, location: 2F
3-2: Fly out, F8 (Line Drive, 8RD)
Pitching: RHP Collin Hill
Batting: LHB Naohiro Sakai 0-0: Fly out, F7 (Line Drive, 7S)
Bottom of the 6th over - 1 run(s), 1 hit(s), 1 error(s), 1 left on base; Houston 3 - Chicago 2
TOP OF THE 7TH
Houston 1837 BBC batting - Pitching for Chicago Gold Sox : RHP Shuntavyious Primes-Willes
Batting: SHB Jason Alexander 0-0: Foul Ball, location: 2F
0-1: Ball
1-1: Swinging Strike
1-2: SINGLE (Groundball, 34D)
Batting: SHB Javier Valle 0-0: Bunted foul
0-1: Bunted foul
0-2: Grounds into double play, 6-4-3 (Groundball, 6)
Batting: RHB Rubén Marino 0-0: SINGLE (Line Drive, 9S)
Batting: RHB Tracy Parker 0-0: Called Strike
0-1: Ball
1-1: Fly out, F7 (Flyball, 7)
Top of the 7th over - 0 run(s), 2 hit(s), 0 error(s), 1 left on base; Houston 3 - Chicago 2
BOTTOM OF THE 7TH
Chicago Gold Sox batting - Pitching for Houston 1837 BBC : RHP Collin Hill
Batting: LHB Arthur Ryan 0-0: Ball
1-0: Ball
2-0: Called Strike
2-1: Ball
3-1: Ground out U3 (Groundball, 3)
Batting: LHB Stanley Belote 0-0: Foul Ball, location: 2F
0-1: Ball
1-1: Fly out, F9 (Line Drive, 9)
Batting: LHB Roberto Veliz 0-0: Foul Ball, location: 2F
0-1: Foul Ball, location: 2F
0-2: Foul Ball, location: 2F
0-2: Fly out, F9 (Line Drive, 9)
Bottom of the 7th over - 0 run(s), 0 hit(s), 0 error(s), 0 left on base; Houston 3 - Chicago 2
TOP OF THE 8TH
Houston 1837 BBC batting - Pitching for Chicago Gold Sox : RHP Shuntavyious Primes-Willes
Batting: LHB Damian Delaney 0-0: Foul Ball, location: 2F
0-1: Foul Ball, location: 2F
0-2: Fly out, F2 (Popup, 23)
Batting: LHB Mike Hanson 0-0: Called Strike
0-1: Foul Ball, location: 2F
0-2: Ball
1-2: Strikes out swinging
Batting: RHB Luis Tapia 0-0: Called Strike
0-1: Ball
1-1: Foul Ball, location: 2F
1-2: Ball
2-2: Strikes out swinging
Top of the 8th over - 0 run(s), 0 hit(s), 0 error(s), 0 left on base; Houston 3 - Chicago 2
BOTTOM OF THE 8TH
Chicago Gold Sox batting - Pitching for Houston 1837 BBC : RHP Collin Hill
Pitching: LHP Adrian Neumann
Batting: LHB Noel Ballard 0-0: Ball
1-0: Swinging Strike
1-1: Ball
2-1: Foul Ball, location: 2F
2-2: Ball
3-2: SINGLE (Line Drive, 78M)
Pitching: RHP Ash Wooden
Batting: RHB Ben Kennerly 0-0: Ball
1-0: Ball
2-0: Called Strike
2-1: Foul Ball, location: 2F
2-2: Strikes out swinging
Batting: LHB Eddie Flynn 0-0: Ball
1-0: Called Strike
1-1: Ball
2-1: Foul Ball, location: 2F
2-2: Strikes out swinging
Batting: LHB Melvin Castro 0-0: Foul Ball, location: 2F
0-1: Foul Ball, location: 2F
0-2: SINGLE (Groundball, 34D)
Noel Ballard to second
Runner from 2nd tries for 3rd, SAFE, throw made to third
Batting: SHB Lupo Cotto 0-0: Swinging Strike
0-1: Ball
1-1: DOUBLE (Groundball, 3L)
Noel Ballard scores
Melvin Castro to third
Runner from 3rd tries for Home, SAFE, no throw
Batting: LHB Naohiro Sakai 0-0: Called Strike
0-1: Foul Ball, location: 2F
0-2: Ball
1-2: Ball
2-2: Strikes out swinging
Bottom of the 8th over - 2 run(s), 3 hit(s), 0 error(s), 1 left on base; Houston 3 - Chicago 4
TOP OF THE 9TH
Houston 1837 BBC batting - Pitching for Chicago Gold Sox : RHP Shuntavyious Primes-Willes
Pitching: RHP Augusto Dávila
Batting: RHB Bob Dickerson 0-0: Ball
1-0: Ball
2-0: Ball
3-0: Called Strike
3-1: Base on Balls
Batting: LHB Alberto Torres 0-0: Swinging Strike
0-1: SINGLE (Groundball, 34D)
Bob Dickerson to second
Runner from 2nd tries for 3rd, SAFE, throw made to third
Batting: SHB Jason Alexander 0-0: Called Strike
0-1: Ball
1-1: Swinging Strike
1-2: Ball
2-2: Strikes out swinging
Batting: SHB Javier Valle 0-0: Called Strike
0-1: Fielders Choice at 2nd, 4-6 (Groundball, 4)
Bob Dickerson scores
Pinch Hitting: LHB Juan Gabriel 0-0: Called Strike
0-1: SINGLE (Flyball, 8RS)
Javier Valle to second
Runner from 2nd tries for 3rd, OUT after rundown.
Top of the 9th over - 1 run(s), 2 hit(s), 0 error(s), 1 left on base; Houston 4 - Chicago 4
BOTTOM OF THE 9TH
Chicago Gold Sox batting - Pitching for Houston 1837 BBC : RHP Ash Wooden
Pitching: RHP Francisco García
Now at 3B: Juan Gabriel
Batting: LHB Arthur Ryan 0-0: Ball
1-0: Foul Ball, location: 2F
1-1: Ball
2-1: Ground out U3 (Groundball, 34)
Batting: LHB Stanley Belote 0-0: Foul Ball, location: 2F
0-1: Ball
1-1: Called Strike
1-2: Ground out 4-3 (Groundball, 4)
Batting: LHB Roberto Veliz 0-0: Reached on error, E5 (Groundball, 5S)
Batting: LHB Noel Ballard 0-0: Called Strike
0-1: Ball
1-1: Ball
2-1: Ball
3-1: Base on Balls
Batting: RHB Ben Kennerly 0-0: Ball
1-0: Called Strike
1-1: Ball
2-1: Fly out, F2 (Popup, 3S)
Bottom of the 9th over - 0 run(s), 0 hit(s), 1 error(s), 2 left on base; Houston 4 - Chicago 4
TOP OF THE 10TH
Houston 1837 BBC batting - Pitching for Chicago Gold Sox : RHP Augusto Dávila
Batting: RHB Tracy Parker 0-0: SINGLE (Line Drive, 3L)
Batting: LHB Damian Delaney 0-0: Ball
1-0: Called Strike
1-1: Foul Ball, location: 2F
1-2: SINGLE (Groundball, 6MD)
Tracy Parker to second
Batting: LHB Mike Hanson 0-0: Sac Bunt - play at first, batter OUT! 1-4
Tracy Parker to third
Damian Delaney to second
Batting: RHB Luis Tapia 0-0: 3-RUN HOME RUN (Flyball, 78XD), Distance : 421 ft
Pitching: RHP Gordon Fry
Batting: RHB Bob Dickerson 0-0: SINGLE (Groundball, 6MD)
Batting: LHB Alberto Torres 0-0: Swinging Strike
0-1: Swinging Strike
0-2: Strikes out swinging
Batting: SHB Jason Alexander 0-0: Foul Ball, location: 2F
0-1: 2-RUN HOME RUN (Flyball, 89XD), Distance : 413 ft
Batting: SHB Javier Valle 0-0: Called Strike
0-1: Called Strike
0-2: Ball
1-2: Foul Ball, location: 2F
1-2: Ball
2-2: Ball
3-2: Strikes out swinging
Top of the 10th over - 5 run(s), 5 hit(s), 0 error(s), 0 left on base; Houston 9 - Chicago 4
BOTTOM OF THE 10TH
Chicago Gold Sox batting - Pitching for Houston 1837 BBC : RHP Francisco García
Batting: LHB Eddie Flynn 0-0: Ball
1-0: Called Strike
1-1: Foul Ball, location: 2F
1-2: Foul Ball, location: 2F
1-2: Foul Ball, location: 2F
1-2: Strikes out swinging
Batting: LHB Melvin Castro 0-0: Ball
1-0: Foul Ball, location: 2F
1-1: Ball
2-1: Ball
3-1: Called Strike
3-2: SOLO HOME RUN (Flyball, 8RXD), Distance : 421 ft
Batting: SHB Lupo Cotto 0-0: Ball
1-0: Foul Ball, location: 2F
1-1: Swinging Strike
1-2: Fly out, F8 (Flyball, 8RXD)
Batting: LHB Naohiro Sakai 0-0: Called Strike
0-1: Ball
1-1: Fly out, F8 (Line Drive, 78M)
Bottom of the 10th over - 1 run(s), 1 hit(s), 0 error(s), 0 left on base; Houston 9 - Chicago 5
Saturday, May 26th, 2018 - OOTP Baseball 17.12 Build 75